 Dungeon Crawl Stone Soup version 0.31-a0-175-g9f7f995f2b (webtiles) character file.

Game seed: 17090743197930512736

44 qw the Shooter (level 3, -6/32 HPs)
             Began as a Naga Hunter on June 17, 2023.
             Mangled by Terence
             ... wielding a +0 hand axe of flaming
              (9 damage)
             ... on level 3 of the Dungeon.
             The game lasted 00:00:22 (1238 turns).

qw the Shooter (Naga Hunter)                        Turns: 1238, Time: 00:00:23

Health: -6/32      AC:  5    Str: 13    XL:     3   Next: 60%
Magic:  3/3        EV:  9    Int:  9    God:
Gold:   193        SH:  0    Dex: 16    Spells: 2/2 levels left

rFire   . . .        Y - +1 shortbow
rCold   . . .        (shield currently unavailable)
rNeg    . . .        c - +0 leather armour
rPois   +            (no helmet)
rElec   .            (no cloak)
rCorr   .            b - +2 pair of gloves
SInv    +            (no barding)
Will    .....        (no amulet)
Stlth   ++           (no ring)
HPRegen 0.25/turn    (no ring)
MPRegen 0.08/turn

%: no passive effects
@: about to teleport, very slow
A: AC +1, large, see invisible, deformed body, poison resistance, slowness 2,
spit poison 1, naga tail 1
a: Spit Poison


You were on level 3 of the Dungeon.
You visited 1 branch of the dungeon, and saw 3 of its levels.

You collected 193 gold pieces.


Innate Abilities, Weirdness & Mutations

Your serpentine skin is tough. (AC +1)
You have supernaturally acute eyesight. (SInv)
Armour fits poorly on your strangely shaped body.
Your system is resistant to poisons. (rPois)
You cover ground very slowly.
You can spit poison.
You have a snake-like lower body.


   Skills:
 - Level 2.0 Fighting
 + Level 4.8 Ranged Weapons
 - Level 1.5 Dodging
 - Level 1.5 Stealth


You had 2 spell levels left.
You didn't know any spells.
Your spell library was empty.

Inventory:

Hand Weapons
 Y - a +1 shortbow (weapon)
Armour
 b - a +2 pair of gloves (worn)
 c - a +0 leather armour (worn)
Scrolls
 a - a scroll of identify
 f - 2 scrolls of teleportation
Potions
 d - a potion of might {unknown}
 e - a potion of curing
 g - a potion of heal wounds {unknown}
 h - a potion of mutation {unknown}

Dungeon Overview and Level Annotations

Branches:
Dungeon (3/15)

Altars:

Shops:
D:1 [

Annotations:
D:3 Terence


Message History

You shoot an arrow.
The arrow hits Terence but does no damage.
Terence is severely wounded.
Terence hits you with a +0 hand axe of flaming!
Terence burns you. The ball python barely misses you. Terence misses you.
You shoot an arrow. The arrow hits Terence.
Terence is almost dead.
You have got your breath back.
The ball python closely misses you. Terence barely misses you.
The ball python bites you but does no damage.
1234 ||| INVOKING Spit Poison.
Aiming: Spit Poison (2% risk of failure)
Press: ? - help, Shift-Dir - straight line, f/p - Terence The splash of poison misses Terence.
The ball python barely misses you.
Terence hits you with a +0 hand axe of flaming.
Terence burns you.
You shoot an arrow.
The arrow hits Terence but does no damage.
Terence is almost dead.
The ball python closely misses you.
Terence hits you with a +0 hand axe of flaming.
Terence burns you.
1236 ||| READING 3 scrolls of teleportation.
As you read the scroll of teleportation, it crumbles to dust.
You feel strangely unstable.
The ball python bites you but does no damage.
Terence closely misses you.
The ball python bites you but does no damage.
You shoot an arrow. The arrow hits Terence.
Terence is almost dead.
Terence hits you with a +0 hand axe of flaming.
Terence burns you. The ball python closely misses you.
You shoot an arrow.
The arrow hits Terence but does no damage.
Terence is almost dead.
You have got your breath back.
The ball python barely misses you. Terence barely misses you.
Terence hits you with a +0 hand axe of flaming!
You die...

#####.# #####<....#..
#..[....#)#.#
#.###.....#.##
#.#######.#..
###.#.......#~# #
#.#.#)#####.#~###.#.#.
#...#.[.....~~........
#.###>.....~~.@S#
#.....#.###.~##@#
#####.#.###.~# ...
#.#....~~# #.#..
#.#####~~# .. .# #.#
~~..# #.# # #.#
~~~.#.# #. #.#
.~...#.# #. #.#
##+..#.#.#


You could see Terence and a ball python.

Vanquished Creatures
  2 adders (D:2)
  A worm (D:2)
  2 ball pythons
  2 bats
  A giant cockroach (D:1)
  3 goblins
  4 hobgoblins
  3 kobolds
  4 rats
22 creatures vanquished.

Notes
Turn   | Place    | Note
-------+----------+-------------------------------------------
     0 | D:1      | qw the Naga Hunter began the quest for the Orb.
     0 | D:1      | Reached XP level 1. HP: 19/19 MP: 1/1
     0 | D:1      | 0 ||| qw: Version: 0.3-a-2-g5ab2908
     0 | D:1      | 0 ||| qw: Game counter: 284
     0 | D:1      | 0 ||| qw: Always use a shield: true
     0 | D:1      | 0 ||| qw: God list: Okawaru
     0 | D:1      | 0 ||| qw: Allow faded altars: false
     0 | D:1      | 0 ||| qw: Do Orc after D:15 true
     0 | D:1      | 0 ||| qw: Do second Lair branch before Depths: true
     0 | D:1      | 0 ||| qw: Lair rune preference: random
     0 | D:1      | 0 ||| qw: Plans: Normal
     0 | D:1      | 0 ||| PLANNING D:1-11
   131 | D:1      | 131 ||| INVOKING Spit Poison.
   196 | D:1      | Found Qoavvesau's Antique Armour Emporium.
   199 | D:1      | 199 ||| INVOKING Spit Poison.
   209 | D:1      | 209 ||| SHOPLISTING ominously black robe (159 gold, have
                  | 26).
   233 | D:1      | 233 ||| INVOKING Spit Poison.
   289 | D:1      | 289 ||| INVOKING Spit Poison.
   290 | D:1      | Reached skill level 4 in Ranged Weapons
   290 | D:1      | Reached XP level 2. HP: 26/26 MP: 2/2
   299 | D:1      | 299 ||| INVOKING Spit Poison.
   513 | D:1      | 513 ||| READING scroll labelled YCHICKIKHLE.
   514 | D:1      | 514 ||| READING 3 scrolls labelled AMIMNUOLI.
   519 | D:1      | 519 ||| DRINKING 2 sedimented green potions.
   520 | D:1      | 520 ||| DROPPING scroll of butterflies.
   594 | D:2      | 594 ||| INVOKING Spit Poison.
   617 | D:2      | 617 ||| INVOKING Spit Poison.
   621 | D:2      | 621 ||| INVOKING Spit Poison.
   793 | D:2      | 793 ||| INVOKING Spit Poison.
   799 | D:2      | 799 ||| INVOKING Spit Poison.
   838 | D:2      | 838 ||| INVOKING Spit Poison.
   863 | D:2      | 863 ||| INVOKING Spit Poison.
   952 | D:2      | 952 ||| INVOKING Spit Poison.
   957 | D:2      | 957 ||| INVOKING Spit Poison.
   958 | D:2      | Reached XP level 3. HP: 32/32 MP: 3/3
  1083 | D:2      | 1083 ||| INVOKING Spit Poison.
  1087 | D:2      | 1087 ||| INVOKING Spit Poison.
  1100 | D:2      | 1100 ||| INVOKING Spit Poison.
  1120 | D:2      | 1120 ||| INVOKING Spit Poison.
  1169 | D:2      | 1169 ||| UPGRADING to +2 pair of gloves.
  1174 | D:2      | 1174 ||| READING 2 scrolls labelled ZIQUONANIP.
  1227 | D:3      | Noticed Terence
  1228 | D:3      | 1228 ||| INVOKING Spit Poison.
  1234 | D:3      | 1234 ||| INVOKING Spit Poison.
  1235 | D:3      | HP: 7/32 [Terence/+0 hand axe of flaming (6)]
  1236 | D:3      | 1236 ||| READING 3 scrolls of teleportation.
  1237 | D:3      | HP: 3/32 [Terence/+0 hand axe of flaming (2)]
  1238 | D:3      | Mangled by Terence

Levels and vault maps discovered:
D:1:      dpeg_arrival_castle, layout_basic, serial_shops,
          nicolae_shop_tiny_glass, st_stairs_10, minmay_misc_feat_columns
D:2:      layout_loops_ring
D:3:      layout_basic, gammafunk_ghost_arena, serial_rivers,
          chequers_serial_rivers_marsh, chequers_serial_rivers_micro_c,
          chequers_serial_rivers_small_3, chequers_serial_rivers_small_a,
          uniq_terence

Skill      XL: |  1 |
---------------+----+-----
Ranged Weapons | 4 |  4.8
Fighting       | |  2.0
Dodging        | |  1.5
Stealth        | |  1.5

Action                     || total
---------------------------++-------
   Fire: Shortbow          ||    54
Ability: Spit Poison       ||    20
    Use: Scroll            ||     4
         Potion            ||     1
 Armour: Leather armour    ||     3
  Dodge: Dodged            ||    23

Table legend:
 A = Non-vault XP
 B = Vault XP
 C = Vault XP percentage of total XP
 D = Non-vault monster count
 E = Vault monster count
 F = Vault count percentage of total count
                 A         B        C        D         E       F
            +---------+---------+-------+---------+---------+-------
      Total |      58 |       5 |   7.9 |      19 |       3 |  13.6
            +---------+---------+-------+---------+---------+-------
        D:1 |      11 |       5 |  31.2 |       6 |       3 |  33.3
        D:2 |      46 |       0 |   0.0 |      12 |       0 |   0.0
        D:3 |       1 |       0 |   0.0 |       1 |       0 |   0.0
            +---------+---------+-------+---------+---------+-------
